 Dungeon Crawl Stone Soup version 0.21.1-1-g345015f (webtiles) character file.

2426 Fang the Skirmisher (level 9, -3/82 HPs)
             Began as a Gargoyle Berserker on May 5, 2018.
             Was an Elder of Trog.
             Slain by an orc warrior
             ... wielding a +0 trident
              (6 damage)
             ... on level 7 of the Dungeon.
             The game lasted 00:08:47 (5879 turns).

Fang the Skirmisher (Gargoyle Berserker)            Turns: 5879, Time: 00:08:48

Health: -3/82      AC: 10    Str: 29    XL:     9   Next: 48%
Magic:  9/9        EV: 13    Int:  8    God:    Trog [****..]
Gold:   283        SH:  0    Dex:  9    Spells: 8/8 levels left

rFire    . . .     SeeInvis .   t - +4 whip (elec)
rCold    . . .     Gourm    .   (no shield)
rNeg     + . .     Faith    .   b - +0 animal skin
rPois    ∞         Spirit   .   (no helmet)
rElec    +         Reflect  .   (no cloak)
rCorr    .         Harm     +   (no gloves)
MR       .....                  (no boots)
Stlth    ..........             u - amulet of harm
HPRegen  0.23/turn              g - +2 ring of protection
MPRegen  0.11/turn              n - ring of stealth

@: berserking (expiring), very quick
A: negative energy resistance 1, electricity resistance, unbreathing,
petrification resistance, rot immunity, AC +6
a: Berserk, Trog's Hand, Brothers in Arms, Burn Spellbooks, Renounce Religion


You were on level 7 of the Dungeon.
You worshipped Trog.
Trog was greatly pleased with you.
You were very hungry.

You visited 1 branch of the dungeon, and saw 7 of its levels.

You collected 283 gold pieces.

Inventory:

Hand Weapons
 a - a +0 hand axe
 q - a +2 quarterstaff of chaos
 t - a +4 whip of electrocution (weapon)
Missiles
 m - 7 javelins of penetration (quivered)
Armour
 b - a +0 animal skin (worn)
Jewellery
 f - an uncursed ring of stealth
 g - a +2 ring of protection (left hand)
 n - a ring of stealth (right hand)
 s - an uncursed ring of wizardry {unknown}
 u - an amulet of harm (around neck)
 w - the amulet "Sutiabb" {+Rage Int+3}
   (You found it on level 4 of the Dungeon)

   [amulet of rage]

   It affects your intelligence (+3).
   It lets you go berserk.
Wands
 v - a wand of scattershot (5)
Scrolls
 e - 2 scrolls of remove curse
 i - 2 scrolls of fog
 j - a scroll of teleportation
 l - 2 scrolls of fear
 p - a scroll of magic mapping
Potions
 d - 9 potions of curing
 h - 3 potions of brilliance {unknown}
 k - a potion of haste {unknown}
 o - 3 potions of lignification {unknown}
 r - 2 potions of flight {unknown}
 x - a potion of agility {unknown}
 z - 2 potions of ambrosia {unknown}
Comestibles
 c - 13 rations
 A - 3 chunks of flesh


   Skills:
 + Level 6.2 Fighting
 + Level 5.1(6.2) Axes
 + Level 6.0(7.6) Maces & Flails
 + Level 4.0(5.6) Staves
 + Level 2.7 Armour
 + Level 4.4 Dodging
 + Level 5.6 Stealth


You had 8 spell levels left.
You didn't know any spells.

Dungeon Overview and Level Annotations

Branches:
Dungeon (7/15)             Temple (0/1) D:6

Altars:
Hepliaklqana
Qazlal
Sif Muna
Yredelemnul
Zin

Shops:
D:6 [


Innate Abilities, Weirdness & Mutations

You are resistant to torment.
Your stone body is resilient. (AC +6)
You are immune to poison.
You resist negative energy. (rN+)
You are resistant to electric shocks. (rElec)
You can survive without breathing.
You are immune to petrification.
You are immune to rotting.


Message History

You kill the orc priest!
Trog accepts your kill.
Your base Maces & Flails skill increases to level 6!
The orc hits you with a mace.
* * * LOW HITPOINT WARNING * * *
The orc closely misses you. The orc hits you but does no damage.
The orc warrior hits you with a trident.
* * * LOW HITPOINT WARNING * * *
You see here a club.
You whack the orc! Lightning courses through the orc!
You kill the orc!
Trog accepts your kill.
Unknown command.
The orc closely misses you. x2
The orc warrior hits you but does no damage.
Unknown command.
You feel a strong urge to attack something.
You barely miss the orc warrior.
The orc warrior hits you with a trident.
You die...

#.....##...########
#...........#
#.....##...## .
#.....##...#
..##..........#
..............##.
.......)o.........
.......oo##...##...
.......o@##...# ..
.........#...... .
.........+.......
.........#........
+######### #####..


You could see an orc warrior and 3 orcs.

Vanquished Creatures
  The ghost of AnatoleKuragin the Cutter, an amateur DsBe of Trog (D:5)
  Sigmund (D:2)
  Duvessa (D:6)
  A phantom (D:4)
  4 ogres
  A sky beast (D:7)
  3 centaurs
  Dowan (D:6)
  A scorpion (D:5)
  2 bullfrog zombies (D:5)
  3 crimson imps
  2 orc wizards
  2 quasits
  3 orc priests
  5 hounds
  A jelly (D:5)
  Jessica (D:2)
  A gnoll shaman (D:5)
  Crazy Yiuf (D:2)
  2 iguanas
  7 worker ants
  3 hound skeletons
  7 gnolls (D:5)
  5 adders
  A shadow imp (D:6)
  An adder skeleton (D:5)
  3 worms
  2 dart slugs (D:2)
  4 leopard geckos
  14 orcs
  4 ball pythons
  6 giant cockroaches
  7 goblins
  7 hobgoblins
  6 jackals
  2 quokkas
  7 bats
  3 frilled lizards
  9 kobolds
  A leopard gecko skeleton (D:4)
  A quokka skeleton (D:4)
  6 rats
143 creatures vanquished.

Notes
Turn   | Place    | Note
-------+----------+-------------------------------------------
     0 | D:1      | Fang the Gargoyle Berserker began the quest for the Orb.
     0 | D:1      | Reached XP level 1. HP: 14/14 MP: 1/1
   342 | D:1      | Reached XP level 2. HP: 17/19 MP: 2/2
   738 | D:1      | Reached ** piety under Trog
   976 | D:2      | Reached XP level 3. HP: 23/23 MP: 3/3
   998 | D:2      | Noticed Jessica
  1017 | D:2      | Killed Jessica
  1078 | D:2      | Noticed Sigmund
  1085 | D:2      | Killed Sigmund
  1085 | D:2      | Reached XP level 4. HP: 30/30 MP: 4/4
  1085 | D:2      | Reached XP level 5. HP: 34/34 MP: 5/5
  1122 | D:2      | Reached XP level 6. HP: 35/39 MP: 6/6
  1402 | D:2      | Found a runed door.
  1604 | D:2      | Noticed Crazy Yiuf
  1608 | D:2      | Killed Crazy Yiuf
  1608 | D:2      | Reached skill level 5 in Axes
  2460 | D:3      | Found a deep blue altar of Sif Muna.
  2460 | D:3      | Found a hazy altar of Hepliaklqana.
  2493 | D:3      | Found a glowing silver altar of Zin.
  2758 | D:4      | Reached skill level 1 in Staves
  2835 | D:4      | Reached skill level 1 in Stealth
  2835 | D:4      | Reached XP level 7. HP: 7/44 MP: 7/7
  3183 | D:4      | Reached *** piety under Trog
  3269 | D:4      | Got a shimmering steel amulet
  3544 | D:4      | Found a stormy altar of Qazlal.
  3556 | D:4      | Identified the amulet "Sutiabb" {+Rage Int+3} (You found it on level 4 of the Dungeon)
  3573 | D:5      | Entered Level 5 of the Dungeon
  3582 | D:5      | Reached skill level 5 in Fighting
  3643 | D:5      | Reached skill level 1 in Maces & Flails
  3651 | D:5      | Reached XP level 8. HP: 35/49 MP: 8/8
  3700 | D:5      | Noticed AnatoleKuragin's ghost (amateur DsBe)
  4141 | D:5      | Killed AnatoleKuragin's ghost
  5060 | D:6      | Reached XP level 9. HP: 53/55 MP: 9/9
  5095 | D:6      | Found a basalt altar of Yredelemnul.
  5290 | D:6      | Found a staircase to the Ecumenical Temple.
  5299 | D:6      | Reached **** piety under Trog
  5396 | D:6      | Found Muowniah's Antique Armour Emporium.
  5466 | D:6      | Noticed Duvessa
  5467 | D:6      | Noticed Dowan
  5476 | D:6      | Killed Duvessa
  5476 | D:6      | Reached skill level 5 in Maces & Flails
  5486 | D:6      | Killed Dowan
  5486 | D:6      | Reached skill level 5 in Stealth
  5875 | D:7      | HP: 3/82 [orc warrior/trident (6)]
  5879 | D:7      | Slain by an orc warrior

Skill      XL: |  1  2  3  4  5  6  7  8  9 |
---------------+----------------------------+-----
Axes           | 3 4 5 |  5.1
Fighting       | 4 5 6 |  6.2
Dodging        | 2 3 4 |  4.4
Staves         | 2 3 4 |  4.0
Stealth        | 1 2 4 5 |  5.6
Maces & Flails | 1 4 6 |  6.0
Armour         | |  2.7

Action                   |  1- 3 |  4- 6 |  7- 9 || total
-------------------------+-------+-------+-------++-------
Melee: Hand axe          |    82 |    36 |       ||   118
       Quarterstaff      |       |    87 |     6 ||    93
       Whip              |       |       |   225 ||   225
Invok: Berserk           |     1 |     2 |     6 ||     9
  Use: Scroll            |       |       |    10 ||    10
 Stab: Sleeping          |       |     1 |    15 ||    16
       Paralysed         |       |     1 |       ||     1
  Eat: Chunk             |       |     7 |    16 ||    23
Armor: Animal skin       |    32 |    72 |   125 ||   229
Dodge: Dodged            |    59 |   119 |   180 ||   358
